 Dungeon Crawl Stone Soup version 0.28.0-43-g3370ac3207 (webtiles) character file.

Game seed: 18035805499617467797

211 Zeld the Magician (level 5, -2/28 HPs)
             Began as a Deep Elf Fire Elementalist on Mar 11, 2022.
             Slain by a scorpion (3 damage)
             ... on level 4 of the Dungeon.
             The game lasted 00:03:22 (4249 turns).

Zeld the Magician (Deep Elf Fire Elementalist)      Turns: 4249, Time: 00:03:23

Health: -2/28      AC:  4    Str:  5    XL:     5   Next: 57%
Magic:  0/14       EV: 13    Int: 22    God:
Gold:   120        SH:  0    Dex: 15    Spells: 6/13 levels left

rFire   . . .      SeeInvis .   a - +0 long sword
rCold   . . .      Faith    .   (no shield)
rNeg    . . .      Spirit   .   m - +0 robe
rPois   .          Reflect  .   h - +0 helmet
rElec   .          Harm     .   (no cloak)
rCorr   .          Rampage  .   l - +0 pair of gloves
Will    .....                   (no boots)
Stlth   ++........              (no amulet)
HPRegen 0.09/turn               (no ring)
MPRegen 0.14/turn               (no ring)

@: lethally poisoned (-2 -> -13)
A: no striking features
a: no special abilities


You were on level 4 of the Dungeon.
You visited 1 branch of the dungeon, and saw 4 of its levels.

You collected 120 gold pieces.

Inventory:

Hand Weapons
 a - a +0 long sword (weapon)
Armour
 h - a +0 helmet (worn)
 l - a +0 pair of gloves (worn)
 m - a +0 robe (worn)
Wands
 f - a wand of mindburst (13)
 n - a wand of digging (8)
Scrolls
 d - 2 scrolls of fear {unknown}
 e - 2 scrolls of teleportation {unknown}
 g - a scroll of identify {unknown}
 i - a scroll of noise {unknown}
 j - a scroll of silence {unknown}
Potions
 b - a potion of berserk rage {unknown}
 c - a potion of attraction {unknown}
 k - 2 potions of heal wounds {unknown}


   Skills:
 + Level 3.3 Dodging
 + Level 3.5 Stealth
 * Level 4.9 Spellcasting
 + Level 2.4 Conjurations
 * Level 4.7 Fire Magic


You had 6 spell levels left.
You knew the following spells:

 Your Spells              Type           Power      Damage    Failure   Level
a - Foxfire               Conj/Fire      84%        2x1d8     2%          1
b - Scorch                Fire           52%        2d8       2%          2
c - Flame Wave            Conj/Fire      21%        2d7       24%         4

Your spell library contained the following spells:

 Spells                   Type           Power      Damage    Failure   Level
 Conjure Flame            Conj/Fire      21%        6-21      7%          3
 Inner Flame              Hex/Fire       15%        N/A       12%         3


Dungeon Overview and Level Annotations

Branches:
Dungeon (4/15)
 Temple: D:4-7

Altars:
Qazlal


Message History

A scorpion is nearby!
Unknown command.
Casting: Scorch (safe; 2% risk of failure)
Confirm with . or Enter, or press ? or * to list all spells.
You don't have enough magic to cast this spell.
The scorpion stings you.
You are poisoned.
The scorpion poisons you!
Casting: Scorch (safe; 2% risk of failure)
Confirm with . or Enter, or press ? or * to list all spells.
Flames lash the scorpion.
The scorpion is moderately wounded.
The scorpion's fire resistance burns away.
You feel very sick. The scorpion stings you.
You hit the scorpion but do no damage.
The scorpion is moderately wounded.
You feel sick. The scorpion closely misses you.
You barely miss the scorpion.
The scorpion is moderately wounded.
You feel sick. The scorpion barely misses you. The scorpion stings you!
* * * LOW HITPOINT WARNING * * *
Unknown command.
Aiming: Mindburst
Press: ? - help, Shift-Dir - straight line, f - scorpion
Aim: a scorpion (moderately wounded, more vulnerable to fire, chance to affect: 64%)
The scorpion struggles to resist.
You feel sick.
The scorpion is no longer more vulnerable to fire.
The scorpion stings you.
* * * LOW HITPOINT WARNING * * *
You are more poisoned.
The scorpion poisons you!
Aiming: Mindburst
Press: ? - help, Shift-Dir - straight line, f/p - scorpion
Aim: a scorpion (moderately wounded, chance to affect: 64%)
The scorpion's mind is blasted!
* * * LOW HITPOINT WARNING * * *
You feel very sick. The scorpion barely misses you. The scorpion stings you.
You die...

#..# . ###<.##.##.
#......)... #..........
#..[.#..... #
######.####.#.## ###..
#.........#..#..##....
#.........#.###.#..###..
#.....).....@...........
##########.s####...####
#########.#####..##
#....?.....##....#
#...<[...>.##.##.#
#....).....##)# ..#
#...........).###...
#....................
#..........######.....


You could see a scorpion.

Vanquished Creatures
  A scorpion (D:4)
  3 gnolls (D:2)
  4 adders
  4 worms
  2 dart slugs (D:2)
  3 orcs
  3 ball pythons
  4 bats (D:1)
  7 endoplasms
  2 giant cockroaches (D:3)
  6 goblins
  6 hobgoblins (D:1)
  3 jackals (D:1)
  9 kobolds
  4 quokkas
  6 frilled lizards
  4 rats
71 creatures vanquished.

Vanquished Creatures (collateral kills)
  7 foxfires (D:1)
7 creatures vanquished.

Vanquished Creatures (others)
  201 foxfires
  5 plants (D:1)
206 creatures vanquished.

Grand Total: 284 creatures vanquished

Notes
Turn   | Place    | Note
-------+----------+-------------------------------------------
     0 | D:1      | Zeld the Deep Elf Fire Elementalist began the quest for the
                  | Orb.
     0 | D:1      | Reached XP level 1. HP: 10/10 MP: 6/6
   450 | D:1      | Reached XP level 2. HP: 15/15 MP: 5/8
  1143 | D:1      | Learned a level 2 spell: Scorch
  1263 | D:1      | Reached XP level 3. HP: 19/19 MP: 6/10
  2012 | D:2      | Reached XP level 4. HP: 24/24 MP: 3/12
  2021 | D:2      | Learned a level 4 spell: Flame Wave
  2272 | D:2      | Found a stormy altar of Qazlal.
  3617 | D:3      | Reached XP level 5. HP: 28/28 MP: 1/13
  4249 | D:4      | HP: 1/28 [poisoned by a scorpion]
  4249 | D:4      | Slain by a scorpion

Illustrated notes

Levels and vault maps discovered:
D:1:      nagdon_arrival_double_spiral, layout_basic, serial_bayou,
          serial_bayou_pond_b, serial_bayou_pond_d, serial_bayou_lake_a,
          serial_bayou_ford_a
D:2:      layout_loops_ring, basic_altar
D:3:      layout_loops_ring, minmay_door_square, nicolae_wormholes
D:4:      layout_rooms

Skill      XL: |  1  2  3  4 |
---------------+-------------+-----
Stealth        | 3 |  3.5
Fire Magic     | 4 |  4.7
Spellcasting   | 4 |  4.9
Dodging        | 3 |  3.3
Conjurations   | 2 |  2.4

Action                   |  1- 3 |  4- 6 || total
-------------------------+-------+-------++-------
Melee: Unarmed           |     8 |     1 ||     9
       Long sword        |       |     6 ||     6
 Cast: Foxfire           |    90 |    55 ||   145
       Scorch            |     9 |    38 ||    47
Evoke: Wand              |       |     2 ||     2
Armor: Robe              |     4 |    10 ||    14
Dodge: Dodged            |    22 |    33 ||    55
